 Dungeon Crawl Stone Soup version 0.27-a0-1105-g946c659c87 (webtiles) character file.

Game seed: 9158647246659717854

67 DogServant the Magician (level 4, -9/32 HPs)
             Began as a Djinni Ice Elementalist on Apr 29, 2021.
             Killed by divine providence
             ... invoked by an orc priest
              (14 damage)
             ... on level 3 of the Dungeon.
             The game lasted 00:02:58 (3245 turns).

DogServant the Magician (Djinni Ice Elementalist)   Turns: 3245, Time: 00:02:59

Health: -9/32      AC:  3    Str:  7    XL:     4   Next: 18%
Gold:   37         EV: 12    Int: 18    God:
                   SH:  0    Dex: 13

rFire    + + .     SeeInvis .   (no weapon)
rCold    x . .     Faith    .   (no shield)
rNeg     . . .     Spirit   .   a - +0 robe
rPois    ∞         Reflect  .   (no helmet)
rElec    .         Harm     .   (no cloak)
rCorr    +         Rampage  .   g - +0 pair of gloves
Will     .....                  (boots unavailable)
Stlth    ++........             (no amulet)
HPRegen  0.10/turn              d - ring of resist corrosion
MPRegen  0.00/turn              (no ring)

@: freezing walls, flying
A: fire resistance 2, cold vulnerability 1, float, innate caster, hp casting,
extra vitality 1
a: no special abilities


You were on level 3 of the Dungeon.
You visited 1 branch of the dungeon, and saw 3 of its levels.

You collected 37 gold pieces.

Inventory:

Armour
 a - a +0 robe (worn)
 g - a +0 pair of gloves (worn)
Jewellery
 d - a ring of resist corrosion (left hand)
Scrolls
 c - 2 scrolls of brand weapon {unknown}
 e - a scroll of acquirement {unknown}
 f - 2 scrolls of identify {unknown}
Potions
 b - a potion of lignification {unknown}
 h - a potion of cancellation {unknown}
 i - 2 potions of mutation {unknown}


   Skills:
 + Level 1.4 Fighting
 - Level 2.3 Dodging
 - Level 1.5 Stealth
 - Level 0.5 Unarmed Combat
 + Level 4.5 Spellcasting


You couldn't memorise any spells.
You knew the following spells:

 Your Spells              Type           Power      Damage    Failure   Level
a - Freeze                Ice            80%        1d9       2%          1
b - Frozen Ramparts       Ice            40%        1d6       6%          3
c - Ozocubu's Armour      Ice            20%        N/A       6%          3
d - Hailstorm             Conj/Ice       20%        3d6       22%         4
e - Metabolic Englaciati  Hex/Ice        10%        N/A       52%         5
f - Magic Dart            Conj           80%        1d7       2%          1
Your spell library was empty.

Dungeon Overview and Level Annotations

Branches:
Dungeon (3/15)

Altars:


Innate Abilities, Weirdness & Mutations

You are immune to poison.
Your flesh is very heat resistant. (rF++)
You are vulnerable to cold. (rC-)
You float through the air rather than walking.
You learn spells naturally, not from books.
Your magical power is your life essence.
You have superior vitality. (+4 HP)


Message History

You reach down and open the door.
Found a stone staircase leading up.
There is an open door here.
You reach down and open the door.
An orc comes into view.
It is wielding a +1 hand axe of draining.
The orc shouts!
You hear a shout!
An orc priest comes into view. It is wielding a +0 dagger.
You hear a shout!
There are monsters nearby!
The orc priest shouts!
The orc priest miscasts a cantrip.
There is an open door here.
Casting: Freeze (safe; 2% risk of failure)
Confirm with . or Enter, or press ? or * to list all spells.
Casting: Frozen Ramparts (dangerous; 6% risk of failure)
Press: ? - help, Dir - look around, f - activate An open door.
The walls around you are covered in ice.
The orc priest calls down the wrath of Beogh upon you.
Pain shoots through your body!
The wall freezes the orc.
The wall freezes the orc.
You kill the orc!
The orc priest mumbles some strange prayers to Beogh against you.
You barely resist.
The orc priest mumbles some strange prayers to Beogh against you.
Beogh smites you!
* * * LOW HITPOINT WARNING * * *
Your frozen ramparts will break if you move.
Continue?
The frozen ramparts melt away as you move.
Casting: Frozen Ramparts (dangerous; 6% risk of failure)
Confirm with . or Enter, or press ? or * to list all spells.
Casting: Frozen Ramparts (dangerous; 6% risk of failure)
Press: ? - help, Dir - look around, f - activate The walls around you are covered in ice.
* * * LOW HITPOINT WARNING * * *
Okay, then.
The wall freezes the orc priest.
The orc priest mumbles some strange prayers to Beogh against you.
Beogh smites you!
You die...

##.## #...# ..... ...
... #o# ### #.# ...
##'## ..# ##@..## #.#
##.....## ####.#
#.......## ##.##.#
#.........####...#.##
+.........'....)....#
#.........####...##.#
##...<...## ##.###<#
##.....## ### #.#
##...## #.#


You could see an orc priest.

Vanquished Creatures
  2 adders (D:2)
  An orc (D:3)
  3 bats (D:1)
  4 endoplasms
  2 giant cockroaches (D:1)
  5 goblins
  2 hobgoblins
  3 kobolds
  2 quokkas
  4 ball pythons
  3 frilled lizards (D:1)
  20 rats
51 creatures vanquished.

Notes
Turn   | Place    | Note
-------+----------+-------------------------------------------
     0 | D:1      | DogServant the Djinni Ice Elementalist began the quest for
                  | the Orb.
     0 | D:1      | Reached XP level 1. HP: 15/15 MP: 0/0
   301 | D:1      | Reached XP level 2. HP: 8/21 MP: 0/0
   307 | D:1      | HP: 1/21 [frozen (6)]
   310 | D:1      | Reached skill level 4 in Spellcasting
  1300 | D:1      | Found a faded altar of an unknown god.
  1642 | D:1      | Reached XP level 3. HP: 23/25 MP: 0/0
  1642 | D:1      | Learned a level 1 spell: Magic Dart
  2324 | D:2      | You are sucked into a shaft and drop 1 floor!
  2419 | D:2      | Reached skill level 1 in Fighting
  2419 | D:2      | Reached XP level 4. HP: 29/32 MP: 0/0
  3245 | D:3      | Killed from afar by an orc priest

Illustrated notes

Levels and vault maps discovered:
D:1:      tarquinn_simple_flora_water_b, layout_basic,
          shapermc_ecumenical_altar_mp_urbaneastern
D:2:      layout_loops_corners, minmay_rat_hole, uniq_crazy_yiuf_cottage
D:3:      layout_loops_corners, kennysheep_vampire_church

Skill      XL: |  1  2  3 |
---------------+----------+-----
Spellcasting   | 4 |  4.5
Fighting       | 1 |  1.4
Dodging        | |  2.3
Stealth        | |  1.5
Unarmed Combat | |  0.5

Action                   |  1- 3 |  4- 6 || total
-------------------------+-------+-------++-------
Melee: Unarmed           |    11 |    11 ||    22
 Cast: Freeze            |    38 |     5 ||    43
       Frozen Ramparts   |     5 |     5 ||    10
 Stab: Sleeping          |     1 |       ||     1
Armor: Robe              |     7 |     2 ||     9
Dodge: Dodged            |    33 |    15 ||    48

Table legend: (Time is in decaauts)
 A = Elapsed time spent in this place.
 B = Non-inter-level travel time spent in this place.
 C = Inter-level travel time spent in this place.
 D = Time resting spent in this place.
 E = Time spent auto-exploring this place.
 F = Levels seen in this place.
 G = Mean time per level.
                   A        B        C        D        E       F      G
               +--------+--------+--------+--------+--------+-----+--------+
         Total |   3245 |   3177 |     68 |    285 |   2642 |   3 | 1081.7 |
       Dungeon |   3245 |   3177 |     68 |    285 |   2642 |   3 | 1081.7 |
               +--------+--------+--------+--------+--------+-----+--------+

Top non-repeatable levels by time:
     D:1: 1784 daAuts
     D:2: 1313 daAuts
     D:3: 147 daAuts
